 Dungeon Crawl Stone Soup version 0.19-a0-139-gefc6d61 (webtiles) character file.

9097 Zhenya25pyc the Basher (level 11, -14/71 HPs)
             Began as a Gargoyle Fighter on May 17, 2016.
             Was an Elder of Okawaru.
             Demolished by a hill giant
             ... wielding a +0 giant club
              (30 damage)
             ... on level 11 of the Dungeon.
             The game lasted 00:22:43 (9445 turns).

Zhenya25pyc the Basher (Gargoyle Fighter)           Turns: 9445, Time: 00:22:44

Health: -14/71     AC: 26    Str: 25    XL:     11   Next: 41%
Magic:  15/15      EV:  9    Int: 10    God:    Okawaru [****..]
Gold:   537        SH: 10    Dex: 13    Spells: 0 memorised, 10 levels left

rFire  + . .     SeeInvis .     a - +0 flail
rCold  x . .     Gourm    .     P - +2 chain mail {rF+}
rNeg   + . .     Faith    .     c - +0 shield
rPois  ∞         Spirit   .     (no helmet)
rElec  +         Dismiss  .     m - +2 cloak
rCorr  .         Reflect  .     M - +0 pair of gloves
SustAt .         Harm     .     v - +0 pair of boots
MR     .....     Clarity  +     (no amulet)
Stlth  ..........               N - +2 ring of protection
                                y - ring "Vakigh" {*Drain rElec rC- Dex+2 Stlth+}

@: mighty, not resistant to hostile enchantments, extremely unstealthy
A: hooves 1, slimy green scales 1, agile 1, blink, clarity, deformed body,
deterioration 1, negative energy resistance 1, electricity resistance, weak 1,
unbreathing, petrification resistance, rot immunity, subdued magic 1, sturdy
frame 1, AC +7
a: Blink, Heroism, Renounce Religion


You were on level 11 of the Dungeon.
You worshipped Okawaru.
Okawaru was greatly pleased with you.
You were very hungry.

You visited 1 branch of the dungeon, and saw 11 of its levels.
You also visited: Sewer.

You collected 657 gold pieces.
You spent 120 gold pieces at shops.

Inventory:

Hand Weapons
 a - a +0 flail (weapon)
 K - a +0 giant spiked club
Armour
 c - a +0 shield (worn)
 m - a +2 cloak (worn)
 v - a +0 pair of boots (worn)
 J - a +0 plate armour
 M - a +0 pair of gloves (worn)
 P - a +2 chain mail of fire resistance (worn)
 S - a +2 chain mail of poison resistance
Jewellery
 h - an uncursed ring of ice
 y - the ring "Vakigh" (left hand) {*Drain rElec rC- Dex+2 Stlth+}
   (You found it on level 4 of the Dungeon)

   [ring of dexterity]

   It affects your dexterity (+2).
   It makes you vulnerable to cold.
   It insulates you from electricity.
   It causes draining when unequipped.
   It makes you more stealthy.
 N - a +2 ring of protection (right hand)
 O - a +3 ring of protection
Wands
 Q - a wand of flame (18/48)
 T - a wand of hasting (5/9)
Scrolls
 b - a scroll of amnesia {unknown}
 e - 11 scrolls of identify {unknown}
 g - 2 scrolls of immolation {unknown}
 j - 9 scrolls of teleportation {unknown}
 l - 6 scrolls of remove curse
 q - 3 scrolls of blinking {unknown}
 s - 2 scrolls of enchant weapon {unknown}
 w - 3 scrolls of fog {unknown}
 D - 3 scrolls of enchant armour {unknown}
 E - 2 scrolls of magic mapping {unknown}
 F - a scroll of random uselessness {unknown}
 G - 2 scrolls of recharging {unknown}
 H - 2 scrolls of fear {unknown}
 L - a scroll of noise {unknown}
Potions
 d - 2 potions of might
 i - a potion of mutation {unknown}
 o - 2 potions of magic
 p - 2 potions of agility
 u - 2 potions of ambrosia
 x - 2 potions of haste {unknown}
 z - a potion of berserk rage {unknown}
 A - a potion of degeneration {unknown}
 C - 4 potions of curing {unknown}
 I - 2 potions of heal wounds
Comestibles
 f - 8 bread rations
 k - 3 slices of pizza
 n - 4 meat rations
 r - 2 royal jellies
 t - 7 beef jerkies
 B - 2 fruits


   Skills:
 + Level 9.1 Fighting
 * Level 11.2 Maces & Flails
 + Level 9.1 Armour
 + Level 4.0 Dodging
 + Level 4.6 Shields
 + Level 5.9 Invocations


You had 10 spell levels left.
You didn't know any spells.

Dungeon Overview and Level Annotations

Branches:
Dungeon (11/15)            Temple (0/1) D:7            Lair (0/8) D:9
    Orc: D:9-12

Altars:
Ashenzari
Dithmenos
Elyvilon
Fedhas
Kikubaaqudgha
Nemelex Xobeh
Okawaru
Qazlal
Ru
Sif Muna
Trog
Vehumet
Xom
Zin
The Shining One

Shops:
D:6 !   D:9 %


Innate Abilities, Weirdness & Mutations

You are resistant to torment.
Your stone body is resilient (AC +7).
You are immune to poison.
You resist negative energy.
You are resistant to electric shocks.
You can survive without breathing.
You are immune to petrification.
You are immune to rotting.
You have large cloven feet.
You are partially covered in slimy green scales (AC +2).
You are agile. (Dex +2)
You can translocate small distances at will.
You possess an exceptional clarity of mind.
Armour fits poorly on your strangely shaped body.
Your body sometimes deteriorates upon taking damage.
You are weak. (Str -2)
Your spells are a little easier to cast, but a little less powerful.
Your movements are slightly less encumbered by armour (ER -2).


Message History

Okawaru accepts your kill.
Your base Dodging skill increases to level 4!
The yak gores you. The yak gores you but does no damage.
You bludgeon the yak!!
The yak is heavily wounded.
The yak gores you. The yak gores you!
* * * LOW HITPOINT WARNING * * *
You sock the yak!
The yak is almost dead.
You block the yak's attack.
You bludgeon the yak!!
You kill the yak!
Okawaru accepts your kill. The yak closely misses you.
You sock the hill giant!
The hill giant is moderately wounded.
You feel like a meek peon again. You block the yak's attack.
The hill giant hits you with a giant club!!
You die...

##################
.....))........Y@#
......)........C†#
##################
##################
>................#
.................#


You could see a hill giant and a yak.

Vanquished Creatures
  2 hill giants (D:9)
  An ugly thing (D:10)
  2 trolls
  Grinder (D:3)
  A two-headed ogre (D:7)
  The ghost of Duffy the Cudgeler, an amateur VSFi (D:5)
  Sigmund (D:2)
  2 yaks (D:11)
  2 hell hounds (D:9)
  A phantom (D:8)
  2 black bears (D:7)
  2 ice beasts (D:10)
  3 orc warriors
  5 sky beasts
  7 ogres
  7 centaurs
  2 crocodiles
  2 big kobolds
  8 giant frogs
  A wyvern skeleton (D:6)
  A scorpion (D:4)
  10 killer bees
  7 wights
  A vampire bat (D:7)
  2 howler monkeys
  5 jellies
  5 crimson imps
  2 giant frog zombies
  3 centaur zombies
  10 hounds
  A gnoll shaman (D:7)
  An orc priest (D:3)
  3 orc wizards
  2 centaur skeletons (D:10)
  Jessica (D:3)
  A giant frog skeleton (D:9)
  5 iguanas
  Ijyb (D:2)
  8 worker ants
  A killer bee zombie (D:8)
  A hound skeleton (D:5)
  A worker ant zombie (D:5)
  A howler monkey skeleton (D:7)
  7 gnolls
  9 adders
  8 river rats (Sewer)
  5 shadow imps
  2 oozes
  An adder zombie (D:6)
  3 worms
  3 dart slugs
  10 giant geckos
  22 orcs
  3 giant cockroaches
  10 goblins
  7 hobgoblins
  10 jackals
  2 quokkas
  17 ball pythons
  15 bats
  10 giant newts
  A jackal zombie (D:5)
  17 kobolds
  19 rats (Sewer)
  A fungus (D:5)
308 creatures vanquished.

Notes
Turn   | Place    | Note
--------------------------------------------------------------
     0 | D:1      | Zhenya25pyc the Gargoyle Fighter began the quest for the Orb.
     0 | D:1      | Reached XP level 1. HP: 14/14 MP: 1/1
   118 | D:1      | Reached XP level 2. HP: 17/19 MP: 2/2
   460 | D:1      | Reached XP level 3. HP: 23/23 MP: 3/3
   704 | D:2      | Noticed Ijyb
   721 | D:2      | Killed Ijyb
   809 | D:2      | Reached XP level 4. HP: 16/29 MP: 4/4
  1037 | D:2      | Reached skill level 3 in Maces & Flails
  1056 | D:2      | Found a shadowy altar of Dithmenos.
  1225 | D:2      | Noticed Sigmund
  1244 | D:2      | Killed Sigmund
  1244 | D:2      | Reached skill level 4 in Maces & Flails
  1244 | D:2      | Reached XP level 5. HP: 2/34 MP: 5/5
  1244 | D:2      | Reached XP level 6. HP: 3/39 MP: 6/6
  1760 | D:3      | Noticed Jessica
  1764 | D:3      | Killed Jessica
  1773 | D:3      | Found a shimmering altar of Xom.
  1792 | D:3      | Reached skill level 5 in Armour
  1903 | D:3      | Noticed Grinder
  1917 | D:3      | Killed Grinder
  1917 | D:3      | Reached skill level 5 in Fighting
  1917 | D:3      | Reached skill level 5 in Maces & Flails
  1917 | D:3      | Reached XP level 7. HP: 41/44 MP: 7/7
  2211 | D:4      | Got a glittering amber ring
  2500 | D:4      | Identified the ring "Vakigh" {*Drain rElec rC- Dex+2 Stlth+} (You found it on level 4 of the Dungeon)
  2736 | D:5      | Entered Level 5 of the Dungeon
  2754 | D:5      | Reached skill level 6 in Maces & Flails
  2774 | D:5      | Found a sparkling altar of Nemelex Xobeh.
  2833 | D:5      | HP: 1/45 [centaur (3)]
  2838 | D:5      | Reached XP level 8. HP: 1/51 MP: 8/8
  3057 | D:5      | Found a glowing drain.
  3058 | D:5      | Noticed Duffy's ghost (amateur VSFi)
  3087 | D:5      | Killed Duffy's ghost
  3140 | Sewer    | Entered a sewer
  3358 | Sewer    | Reached skill level 7 in Maces & Flails
  3874 | Sewer    | HP: 1/51 [giant frog (3)]
  4392 | D:5      | Found an iron altar of Okawaru.
  4400 | D:5      | Became a worshipper of Warmaster Okawaru
  4517 | D:5      | Reached skill level 8 in Maces & Flails
  4525 | D:5      | Gained mutation: Your movements are slightly less encumbered by armour (ER -2). [mutagenic meat]
  4526 | D:5      | Gained mutation: You have a pair of small horns on your head. [mutagenic meat]
  4527 | D:5      | Gained mutation: You have large cloven feet. [mutagenic meat]
  4528 | D:5      | Gained mutation: Your spells are a little harder to cast, but a little more powerful. [mutagenic meat]
  4529 | D:5      | Gained mutation: You are partially covered in large bone plates (AC +2, SH +2). [mutagenic meat]
  4693 | D:5      | Reached XP level 9. HP: 56/56 MP: 9/9
  4888 | D:6      | Found a bloodstained altar of Trog.
  5040 | D:6      | Found a stormy altar of Qazlal.
  5160 | D:6      | Reached skill level 1 in Invocations
  5405 | D:6      | Reached skill level 1 in Dodging
  5416 | D:6      | Reached * piety under Okawaru
  5501 | D:6      | Found Guriyts's Distillery.
  5507 | D:6      | Bought a potion of heal wounds for 60 gold pieces
  5507 | D:6      | Bought a potion of heal wounds for 60 gold pieces
  5579 | D:7      | Reached skill level 9 in Maces & Flails
  5673 | D:7      | Found a staircase to the Ecumenical Temple.
  5704 | D:7      | Found a glowing silver altar of Zin.
  5724 | D:7      | Found an ancient bone altar of Kikubaaqudgha.
  5738 | D:7      | Found a sacrificial altar of Ru.
  5785 | D:7      | Gained mutation: You are resistant to hostile enchantments. [mutagenic meat]
  5786 | D:7      | Gained mutation: You possess an exceptional clarity of mind. [mutagenic meat]
  5787 | D:7      | Lost mutation: You are resistant to hostile enchantments. [mutagenic meat]
  5788 | D:7      | Gained mutation: Your body sometimes deteriorates upon taking damage. [mutagenic meat]
  5798 | D:7      | Reached ** piety under Okawaru
  6103 | D:7      | Reached XP level 10. HP: 60/64 MP: 12/12
  6138 | D:7      | Gained mutation: You are dopey. (Int -2) [mutagenic meat]
  6139 | D:7      | Lost mutation: Your spells are a little harder to cast, but a little more powerful. [mutagenic meat]
  6140 | D:7      | Gained mutation: You can translocate small distances at will. [mutagenic meat]
  6141 | D:7      | Lost mutation: You have a pair of small horns on your head. [mutagenic meat]
  6153 | D:7      | Found a glowing golden altar of the Shining One.
  6238 | D:7      | Lost mutation: You possess an exceptional clarity of mind. [mutagenic meat]
  6239 | D:7      | Gained mutation: You are partially covered in slimy green scales (AC +2). [mutagenic meat]
  6240 | D:7      | Lost mutation: You are dopey. (Int -2) [mutagenic meat]
  6241 | D:7      | Lost mutation: You are partially covered in large bone plates (AC +2, SH +2). [mutagenic meat]
  6631 | D:8      | Reached skill level 10 in Maces & Flails
  6735 | D:8      | Found a blossoming altar of Fedhas.
  6741 | D:8      | Found a shattered altar of Ashenzari.
  6741 | D:8      | Found a white marble altar of Elyvilon.
  6742 | D:8      | Found an iron altar of Okawaru.
  7169 | D:8      | Found an ancient bone altar of Kikubaaqudgha.
  7171 | D:8      | Found a radiant altar of Vehumet.
  7179 | D:8      | Found a deep blue altar of Sif Muna.
  7384 | D:8      | Gained mutation: You are weak. (Str -2) [mutagenic meat]
  7385 | D:8      | Gained mutation: You are agile. (Dex +2) [mutagenic meat]
  7386 | D:8      | Gained mutation: You possess an exceptional clarity of mind. [mutagenic meat]
  7388 | D:8      | Gained mutation: Your spells are a little easier to cast, but a little less powerful. [mutagenic meat]
  7396 | D:9      | Noticed a hill giant
  7408 | D:9      | Killed a hill giant
  7418 | D:9      | Noticed a hill giant
  7435 | D:9      | Found a staircase to the Lair.
  7439 | D:9      | Killed a hill giant
  7439 | D:9      | Reached *** piety under Okawaru
  7457 | D:9      | HP: 3/65 [troll (4)]
  7463 | D:9      | HP: 3/65 [troll (6)]
  7722 | D:9      | Reached skill level 5 in Invocations
  7929 | D:9      | Reached XP level 11. HP: 54/69 MP: 14/14
  8013 | D:9      | Found Sato's Food Boutique.
  8215 | D:10     | Entered Level 10 of the Dungeon
  8779 | D:10     | Reached skill level 11 in Maces & Flails
  8793 | D:10     | Reached **** piety under Okawaru
  9095 | D:11     | Noticed a brown ugly thing
  9120 | D:10     | Killed a brown ugly thing
  9164 | D:10     | Gained mutation: Armour fits poorly on your strangely shaped body. [mutagenic meat]
  9424 | D:11     | Noticed a hill giant
  9445 | D:11     | Demolished by a hill giant

Vault maps used:
D:1:      grunt_arrival_crossed_arrows
D:2:      nicolae_dithmenos_shadow_blocks, uniq_sigmund, uniq_iyjb
D:3:      lemuel_round_altar, uniq_grinder, uniq_jessica
D:5:      old_standard_altar, portal_sewer_entry_d, first_bread, basic_altar,
          minmay_gold_behind_fungi
D:6:      lemuel_crystal_altar, serial_shops, shop, trog_hazing_becter
D:7:      zin_academy, tso_altar, nicolae_overflow_crystal_walls,
          minmay_temple_entry_crystal_x, basic_altar, grunt_ogre_cave,
          nicolae_benzene_ring, st_stairs_12, roderic_batcave,
          minmay_lizard_king
D:8:      grunt_temple_overflow_magic_moments, minitemple
D:9:      minmay_lair_entry_lava, serial_shops, shop_statue
D:11:     kennysheep_orc_monster_closet_entryway,
          portal_ice_cave_entry_ice_beasts, kennysheep_pointless_box,
          kennysheep_another_room
Sewer:    sewer_minmay_w

Skill      XL: |  1  2  3  4  5  6  7  8  9 10 11 |
---------------+----------------------------------+-----
Armour         | 4 5 6 7 8 9 |  9.1
Maces & Flails | 4 5 6 8 9 10 11 | 11.2
Fighting       | 4 5 6 7 8 9 |  9.1
Invocations    | 3 5 |  5.9
Dodging        | 2 3 4 |  4.0
Shields        | 4 |  4.6

Action                   |  1- 3 |  4- 6 |  7- 9 | 10-12 || total
-------------------------+-------+-------+-------+-------++-------
Melee: Flail             |    74 |   150 |   706 |   643 ||  1573
       Headbutt          |       |       |    51 |     2 ||    53
Invok: Heroism           |       |       |       |     6 ||     6
  Use: Potion            |       |       |     4 |     5 ||     9
       Scroll            |       |       |     1 |       ||     1
  Eat: Chunk             |       |     3 |    25 |    29 ||    57
Armor: Scale mail        |    58 |   106 |   377 |       ||   541
       Plate armour      |       |       |   197 |   298 ||   495
       Chain mail        |       |       |       |   217 ||   217
Dodge: Dodged            |    24 |    48 |   221 |   297 ||   590
Block: Shield            |    34 |    76 |   456 |   444 ||  1010
